Map: Heavy Artillery LE

Players

JunKai

  • Race: Protoss Protoss
  • Spawn Location: 7:00

Kilaa

  • Race: Zerg Zerg
  • League: Platinum
  • Spawn Location: 7:00

Massa - Winner!

  • Race: Terran Terran
  • League: Gold
  • Spawn Location: 3:00

qqq - Winner!

  • Race: Protoss Protoss
  • League: Platinum
  • Spawn Location: 1:00

VOD

Have the link to the VOD?

Description

Time

  • Played on: Aug. 12, 2020, 3:54 p.m.
  • Length: 11:16
Show
View Real Time Build Order
Export as new Build Order

JunKai Protoss 

Build Orders: Nexus First 

Get SALT Encoding   

  12  0:00  Probe  
  13  0:13  Probe  
  14  0:19  Pylon  
  14  0:25  Probe (Chrono Boost)  
  15  0:38  Probe (Chrono Boost)  
  16  0:45  Probe (Chrono Boost)  
  17  1:01  Nexus  
  17  1:15  Gateway  
  17  1:17  Assimilator  
  17  2:10  Assimilator  
  17  2:13  Cybernetics Core  
  17  2:15  Probe  
  17  2:27  Probe  
  18  2:49  Stalker (Chrono Boost)  
  20  2:52  Pylon  
  20  3:07  Probe  
  20  3:10  Probe, Stalker (Chrono Boost)  
  25  3:20  Probe  
  25  3:22  Probe  
  24  3:32  Probe  
  25  3:34  Probe  
  28  4:06  Probe x2  
  27  4:18  Probe  
  27  4:23  Assimilator x2  
  25  4:26  Pylon  
  25  4:29  Pylon  
  25  4:47  Gateway  
  25  4:51  Gateway  
  25  5:41  Cybernetics Core  
  25  5:49  Gateway  
  25  5:51  Gateway  
  25  6:22  Warp Gate (Chrono Boost)  
  25  6:23  Stalker x2 (Chrono Boost)  
  27  6:30  Pylon  
  29  6:43  Stalker x2  
  33  6:47  Stargate  
  33  6:49  Stargate  
  33  7:01  Stalker  
  33  7:02  Stalker  
  37  7:09  Pylon  
  31  7:40  Void Ray (Chrono Boost)  
  37  7:44  Stalker  
  37  7:45  Stalker x3  
  37  7:49  Void Ray (Chrono Boost)  
  41  8:02  Protoss Air Weapons Level 1  
  41  8:41  Phoenix (Chrono Boost)  
  41  8:47  Stalker x2  
  49  8:49  Phoenix (Chrono Boost)  
  49  8:57  Phoenix (Chrono Boost)  
  47  9:07  Phoenix  
  43  9:22  Phoenix  
  43  9:32  Phoenix  
  45  10:01  Void Ray (Chrono Boost)  
  51  10:08  Void Ray (Chrono Boost)  
Show
View Real Time Build Order
Export as new Build Order

Kilaa Zerg 

Build Orders: Hatch First 

Get SALT Encoding   

  12  0:03  Drone  
  13  0:13  Overlord  
  13  0:17  Drone  
  14  0:34  Drone x2  
  16  0:36  Drone  
  17  0:55  Hatchery  
  16  1:00  Drone  
  17  1:10  Drone  
  18  1:12  Extractor  
  17  1:26  Spawning Pool  
  16  1:50  Drone x3  
  16  2:09  Hatchery  
  16  2:13  Queen  
  17  2:17  Zergling x4  
  19  2:25  Zergling x2  
  20  2:41  Zergling x2  
  21  2:49  Zergling x2  
  19  2:58  Zergling x2  
  20  3:06  Zergling x2  
  19  3:25  Drone  
  19  3:26  Roach Warren  
  19  3:38  Queen  
  21  3:41  Overlord  
  21  3:42  Overlord  
  19  3:52  Drone x3  
  22  4:07  Roach  
  24  4:15  Roach  
  26  4:29  Ravager  
  26  4:30  Roach  
  29  4:37  Roach  
  31  4:42  Ravager  
  32  4:48  Roach x3  
  32  4:49  Overlord  
  38  5:01  Overlord  
  38  5:06  Extractor  
  37  5:12  Ravager  
  37  5:13  Ravager  
  36  5:23  Drone x3  
  39  5:39  Roach x3  
  38  5:58  Roach x4  
  46  6:08  Roach  
  46  6:33  Ravager  
  47  6:43  Roach x3  
  47  6:44  Overlord x2  
  53  7:00  Roach  
  50  7:19  Roach x2  
  46  7:30  Roach  
  48  7:37  Roach x3  
  48  7:41  Roach  
  34  7:53  Roach  
  32  8:03  Roach  
  28  8:11  Queen  
  28  8:13  Roach  
  26  8:26  Roach x3  
  32  8:31  Ravager  
  32  8:33  Roach  
  35  8:35  Ravager  
  34  8:49  Hatchery  
  33  8:59  Overlord x2  
  27  9:18  Roach  
  27  9:19  Roach  
  27  9:22  Ravager  
  32  9:31  Hatchery  
  32  9:37  Roach x3  
  32  9:38  Overlord  
  38  9:49  Roach  
  36  9:55  Roach  
  29  10:05  Lair  
  29  10:06  Roach  
  31  10:12  Ravager x3  
  34  10:19  Roach  
  36  10:26  Hatchery  
  35  10:41  Roach x3  
  41  10:51  Evolution Chamber  
  41  10:56  Roach  
Show
View Real Time Build Order
Export as new Build Order

Massa Terran - Winner!

Build Orders:  

Get SALT Encoding   

  12  0:01  SCV  
  13  0:13  SCV  
  14  0:18  Supply Depot  
  14  0:25  SCV  
  15  0:30  Refinery  
  15  0:40  SCV  
  16  0:46  Barracks  
  16  0:52  SCV  
  17  1:04  SCV  
  18  1:16  SCV  
  19  1:28  SCV  
  20  1:35  Reaper  
  20  1:36  Supply Depot  
  21  1:41  Orbital Command  
  21  2:07  Reaper  
  22  2:13  Command Center  
  22  2:17  SCV  
  23  2:28  Factory  
  23  2:29  SCV  
  24  2:39  Reaper  
  25  2:57  SCV  
  26  3:09  SCV  
  26  3:21  SCV  
  26  3:36  SCV x2  
  26  3:40  Marine  
  29  3:41  Factory Tech Lab  
  29  3:47  Barracks x2  
  29  3:48  SCV x2  
  31  3:50  Barracks  
  31  3:51  Barracks  
  31  3:57  Marine  
  31  4:00  SCV  
  32  4:02  Orbital Command  
  32  4:08  Siege Tank  
  35  4:12  SCV  
  35  4:15  Marine  
  37  4:24  SCV  
  37  4:29  Command Center  
  37  4:31  SCV  
  39  4:33  Marine  
  39  4:36  SCV  
  41  4:43  SCV  
  42  4:47  Barracks Tech Lab x2  
  42  4:48  Barracks Reactor, SCV  
  42  4:49  Barracks Tech Lab  
  43  4:55  SCV  
  43  4:58  Barracks Tech Lab  
  44  5:01  Widow Mine  
  44  5:06  Supply Depot  
  44  5:07  Supply Depot x2  
  46  5:08  Supply Depot  
  46  5:09  Supply Depot  
  46  5:28  SCV x2  
  48  5:34  Engineering Bay, Supply Depot x2  
  48  5:35  Supply Depot  
  48  5:40  SCV x2  
  48  5:41  Marauder x4, Marine x2  
  59  5:52  SCV  
  58  5:58  Marine  
  58  5:59  Marine  
  58  6:01  Marine  
  58  6:02  Marine x3  
  64  6:09  Orbital Command, SCV  
  64  6:10  SCV  
  66  6:16  Refinery, Marine  
  66  6:17  Marine  
  66  6:18  Refinery  
  68  6:19  Marine x2  
  68  6:20  Marine x2  
  68  6:21  SCV  
  68  6:22  SCV  
  68  6:23  Terran Infantry Weapons Level 1  
  74  6:29  Stimpack  
  74  6:30  Missile Turret  
  72  6:34  SCV x2, Marine  
  72  6:35  Marine  
  72  6:38  Marauder x2  
  80  6:45  Refinery  
  80  6:46  SCV x2  
  82  6:50  Missile Turret  
  82  6:53  Concussive Shells  
  82  7:05  Refinery  
  82  7:10  SCV x3, Missile Turret  
  85  7:17  Supply Depot  
  85  7:18  Command Center, Supply Depot  
  85  7:19  Supply Depot  
  85  7:20  Supply Depot  
  85  7:21  Supply Depot  
  85  7:22  SCV x3  
  88  7:23  Supply Depot  
  88  7:33  Missile Turret  
  88  7:34  SCV x3  
  87  7:42  Missile Turret  
  87  7:43  Supply Depot  
  79  7:45  Supply Depot  
  79  7:46  Missile Turret  
  72  8:00  Marauder x4  
  73  8:21  Marauder x2  
  73  8:22  Marauder x2  
  77  8:32  Cyclone  
  78  8:39  Marine  
  79  8:43  Marauder x4  
  79  8:45  Missile Turret  
  87  8:48  Refinery  
  87  8:49  Orbital Command  
  87  8:50  Refinery  
  87  8:51  SCV x3  
  90  9:03  SCV x3  
  90  9:04  Cyclone, Marauder x3, Missile Turret  
  90  9:05  Marauder, Marine x2  
  106  9:11  Starport  
  106  9:15  SCV  
  107  9:18  Terran Infantry Armor Level 1, Engineering Bay  
  107  9:19  Armory  
  107  9:20  Armory  
  107  9:22  Marine  
  107  9:23  Marine  
  109  9:24  Missile Turret  
  109  9:25  Marauder  
  109  9:26  Marauder x3  
  117  9:40  Marine x2  
  117  9:44  Missile Turret  
  119  9:47  Marauder x2, Marine x2  
  125  9:58  Marine x2  
  127  10:05  Marauder x2, Medivac  
  133  10:07  Missile Turret  
  133  10:08  Marauder, Marine  
  136  10:16  Marine x2  
  138  10:26  Marauder x3  
  144  10:29  Marine  
  144  10:34  Marine x2  
  153  10:35  Medivac  
  153  10:39  Command Center  
  155  10:47  Marine x2  
  155  10:48  Marauder x2  
  161  10:51  Marine  
  161  10:52  Marine  
  161  10:53  SCV x3  
  161  10:55  SCV  
Show
View Real Time Build Order
Export as new Build Order

qqq Protoss - Winner!

Build Orders:  

Get SALT Encoding   

  12  0:00  Probe  
  13  0:24  Pylon  
  13  0:26  Probe  
  14  0:38  Probe  
  15  0:47  Forge  
  15  0:50  Probe  
  16  1:02  Probe  
  17  1:07  Pylon  
  17  1:14  Pylon  
  17  1:15  Probe  
  18  1:25  Photon Cannon  
  18  1:28  Photon Cannon  
  18  1:46  Pylon  
  17  1:58  Probe  
  18  2:10  Photon Cannon  
  18  2:14  Photon Cannon  
  18  2:19  Pylon  
  18  2:36  Probe  
  19  2:49  Photon Cannon  
  19  2:56  Pylon  
  19  3:03  Photon Cannon  
  19  3:16  Photon Cannon  
  19  3:18  Photon Cannon  
  19  3:21  Photon Cannon  
  19  3:25  Photon Cannon  
  19  3:28  Pylon  
  19  3:30  Photon Cannon  
  19  3:41  Photon Cannon  
  19  4:14  Nexus  
  19  4:17  Probe  
  20  4:20  Assimilator  
  20  4:22  Assimilator  
  20  4:27  Gateway  
  20  4:29  Probe  
  21  4:41  Probe  
  22  4:53  Probe (Chrono Boost)  
  23  5:04  Probe (Chrono Boost)  
  24  5:09  Probe (Chrono Boost)  
  25  5:18  Cybernetics Core  
  25  5:19  Probe  
  26  5:25  Probe  
  27  5:31  Probe  
  28  5:37  Probe  
  29  5:43  Probe  
  29  5:44  Pylon  
  29  5:48  Nexus  
  31  5:50  Probe  
  31  5:55  Probe  
  32  5:58  Stargate  
  32  6:02  Probe  
  32  6:03  Stargate  
  33  6:08  Probe, Assimilator  
  34  6:14  Probe, Assimilator  
  35  6:20  Probe  
  36  6:26  Probe  
  37  6:42  Phoenix  
  39  6:49  Probe x2  
  39  6:51  Phoenix (Chrono Boost)  
  43  6:59  Pylon  
  44  7:01  Probe x2, Pylon  
  44  7:07  Phoenix (Chrono Boost)  
  44  7:08  Protoss Air Weapons Level 1  
  47  7:13  Probe, Phoenix (Chrono Boost)  
  50  7:24  Probe  
  50  7:25  Probe  
  50  7:29  Photon Cannon  
  52  7:36  Probe  
  53  7:37  Probe  
  53  7:38  Phoenix (Chrono Boost)  
  53  7:40  Phoenix (Chrono Boost)  
  58  7:48  Probe  
  58  7:50  Probe  
  60  8:00  Probe  
  60  8:02  Probe, Phoenix x2 (Chrono Boost)  
  66  8:12  Probe  
  67  8:14  Stargate  
  67  8:18  Phoenix  
  69  8:24  Probe  
  70  8:30  Phoenix  
  72  8:36  Probe  
  73  8:43  Phoenix  
  75  8:49  Probe  
  75  8:55  Phoenix  
  70  9:21  Phoenix x3  
  70  9:23  Probe  
  75  9:27  Assimilator  
  75  9:31  Assimilator  
  75  9:34  Photon Cannon  
  75  9:35  Probe  
  75  9:38  Photon Cannon  
  76  9:42  Photon Cannon  
  76  9:46  Phoenix x2  
  76  9:47  Probe  
  76  9:52  Nexus  
  81  9:59  Probe  
  82  10:01  Phoenix  
  82  10:02  Nexus  
  82  10:03  Pylon  
  82  10:06  Pylon  
  84  10:11  Probe, Phoenix x2  
  89  10:16  Pylon  
  89  10:24  Probe  
  89  10:25  Phoenix  
  89  10:26  Pylon  
  92  10:36  Probe  
  92  10:38  Photon Cannon  
  92  10:40  Fleet Beacon  
  92  10:41  Photon Cannon  
  93  10:44  Photon Cannon  
  93  10:48  Probe, Photon Cannon  
  92  11:00  Probe  
Tags
 
Add a new tag
Caveats
  • Supply blocks, unpowered buildings, or Contaminate may cause inaccurate times.
  • Supply counts are checked every 10 seconds.